 Dungeon Crawl Stone Soup version 0.31-a0-1002-g8e65716e6e (webtiles) character file.

Game seed: 427119414512712149

440 MacCMillion the Ruffian (level 7, -4/46 HPs)
             Began as an Octopode Shapeshifter on Nov 10, 2023.
             Was an Initiate of Gozag.
             Slain by a gnoll
             ... wielding a +0 flail
             ... led by a gnoll bouda
              (10 damage)
             ... on level 4 of the Dungeon.
             The game lasted 00:07:10 (3428 turns).

MacCMillion the Ruffian (Octopode Shapeshifter)     Turns: 3428, Time: 00:07:11

Health: -4/46      AC:  1    Str: 15    XL:     7   Next: 2%
Magic:  7/7        EV: 13    Int: 13    God:    Gozag
Gold:   497        SH:  0    Dex: 16    Spells: 6/6 levels left

rFire   . . .        v - +8 dagger of Instinct {drain, rElec Dex+5}
rCold   . . .        (no shield)
rNeg    . . .        (helmet currently unavailable)
rPois   .            (no amulet)
rElec   +            (no ring)
rCorr   .            (no ring)
SInv    .            (no ring)
Will    .....        (no ring)
Stlth   ++++         (no ring)
HPRegen 0.27/turn    (no ring)
MPRegen 0.10/turn    (no ring)
                     (no ring)

%: no passive effects
@: about to teleport, beast-form, gold aura
A: beast (slay +2), almost no armour, amphibious, 8 rings, camouflage 1,
gelatinous body 1, (nimble swimmer 1), tentacles
a: Begin Untransformation, Renounce Religion, Potion Petition, Call Merchant,
Bribe Branch


You were on level 4 of the Dungeon.
You worshipped Gozag.
Gozag was aware of your devotion.
You were a hulking beast.
You visited 1 branch of the dungeon, and saw 4 of its levels.
You also visited: Sewer.

You collected 524 gold pieces.
You paid 27 gold pieces to Gozag.

Inventory:

Hand Weapons
 v - the +8 dagger of Instinct (weapon) {drain, rElec Dex+5}
   (You found it on level 3 of the Dungeon)

   Dex+5:     It affects your dexterity (+5).
   rElec:     It insulates you from electricity.
Talismans
 b - a beast talisman (active)
 c - a flux talisman
 r - a maw talisman
Scrolls
 h - a scroll of amnesia {unknown}
 i - a scroll of revelation {unknown}
 j - a scroll of brand weapon {unknown}
 k - a scroll of blinking {unknown}
 m - a scroll of teleportation
 o - a scroll of vulnerability {unknown}
 p - a scroll of fear {unknown}
 q - a scroll of torment {unknown}
 t - 2 scrolls of acquirement {unknown}
 w - a scroll of immolation {unknown}
 x - 2 scrolls of noise {unknown}
 y - 3 scrolls of enchant weapon {unknown}
 z - a scroll of enchant armour {unknown}
Potions
 a - 2 potions of lignification
 d - a potion of brilliance
 e - 2 potions of cancellation
 l - a potion of ambrosia {unknown}
 n - 2 potions of heal wounds
 s - 6 potions of enlightenment
 u - a potion of curing {unknown}


   Skills:
 + Level 3.5 Fighting
 - Level 2.0 Dodging
 - Level 4.0 Stealth
 - Level 4.9 Unarmed Combat
 + Level 4.3 Shapeshifting


You had 6 spell levels left.
You didn't know any spells.
Your spell library contained the following spells:

 Spells                   Type           Power      Damage    Failure   Level
 Slow                     Hex            0%         N/A       30%         1
 Cigotuvi's Dreadful Rot  Necr/Pois/Air  0%         N/A       43%         2
 Lesser Beckoning         Tloc           0%         N/A       43%         2
 Confusing Touch          Hex            0%         N/A       67%         3
 Gell's Gravitas          Tloc           0%         N/A       67%         3
 Ignite Poison            Fire/Tmut/Pois 0%         N/A       67%         3
 Sigil of Binding         Hex            0%         N/A       67%         3
 Teleport Other           Tloc           0%         N/A       67%         3
 Vampiric Draining        Necr           0%         2d6       67%         3
 Freezing Cloud           Conj/Ice/Air   0%         6-21      100%        5


Dungeon Overview and Level Annotations

Branches:
Dungeon (4/15)              Sewer (visited)
 Temple: D:4-7

Altars:
Ashenzari
Gozag
Uskayaw

Annotations:
D:2 1 runed translucent door, Crazy Yiuf
D:4 exclusion: phantom


Innate Abilities, Weirdness & Mutations

You are a hulking beast.
Your limbs bulge with bestial killing power. (Slay +2)
You cannot wear most types of armour.
You are amphibious.
You can wear up to eight rings at the same time.
Your skin changes colour to match your surroundings (Stealth+).
Your rubbery body absorbs attacks. (AC +1, EV +1)
((You are camouflaged when in or above water. (Stealth+)))
You have tentacles for arms and can constrict up to eight enemies at once.


Message History

The gnoll bouda hits you with a +0 club.
You hit the ogre.
You kill the ogre!
The gnoll bouda hits you with a +0 club.
You have reached level 7!
You hit the gnoll bouda but do no damage.
You grab the gnoll bouda.
You squeeze the gnoll bouda, but do no damage.
Your attacks no longer feel as feeble.
You constrict the gnoll bouda.
The gnoll bouda is distracted by your dazzling golden aura.
The gnoll bouda shouts!
You hit the gnoll bouda but do no damage.
The gnoll bouda is no longer distracted by gold.
You squeeze the gnoll bouda.
The gnoll bouda is moderately wounded.
You constrict the gnoll bouda, but do no damage.
You hear an angry hiss.
The gnoll bouda hits you with a +0 club!
An endoplasm comes into view.
As you read the scroll labelled AMNOIDEYHOS, it crumbles to dust.
You feel strangely unstable.
It was a scroll of teleportation.
You constrict the gnoll bouda.
The gnoll bouda barks out a call to the hunt!
The gnolls pick up the pace!
The gnoll closely misses you.
The gnoll is distracted by your dazzling golden aura.
The gnoll closely misses you.
The gnoll shouts!
You closely miss the gnoll.
The gnoll is no longer distracted by gold.
You grab the gnoll. You tentacle-slap the gnoll. You squeeze the gnoll.
You kill the gnoll!
You constrict the gnoll bouda. The gnoll bouda barely misses you.
The gnoll hits you from afar with a +0 spear.
The gnoll hits you from afar with a +0 halberd!
* * * LOW HITPOINT WARNING * * *
The gnoll hits you with a +0 flail!
You die...
Your body crumbles into a pile of gold.

................................#
.....#...........................
....###..........................
..... .......#..................
..... ..............####.......
.... .............####.....##.
............#..###...####
...............###..##
##.....$h.....###...#
.......ggg.##.###.###
......gg....#.##..##
#............##...#
##.J...!..#.###...##
#..........####..##
.................######
#............##.......
......#.....####......


You could see a gnoll bouda, 4 gnolls and an endoplasm.

Vanquished Creatures
  An ogre (D:4)
  2 hounds (D:4)
  An orc priest (D:3)
  An orc wizard (D:3)
  An iguana (D:3)
  8 adders
  A gnoll (D:4)
  5 river rats
  3 worms
  3 dart slugs (D:2)
  An orc (D:3)
  17 ball pythons
  9 endoplasms
  3 giant cockroaches
  6 goblins
  3 hobgoblins
  4 jackals (Sewer)
  3 kobolds
  3 quokkas
  9 bats
  6 frilled lizards
  11 rats
101 creatures vanquished.

Notes
Turn   | Place    | Note
-------+----------+-------------------------------------------
     0 | D:1      | MacCMillion the Octopode Shapeshifter began the quest for
                  | the Orb.
     0 | D:1      | Reached XP level 1. HP: 13/13 MP: 1/1
    49 | D:1      | Reached skill level 1 in Stealth
   222 | D:1      | Reached XP level 2. HP: 18/18 MP: 2/2
   759 | D:2      | Found a broken altar of Ashenzari.
   767 | D:2      | Reached XP level 3. HP: 19/23 MP: 3/3
   897 | D:2      | Found a runed translucent door.
   898 | D:2      | Noticed Crazy Yiuf
  1438 | D:3      | Reached XP level 4. HP: 26/28 MP: 4/4
  1465 | D:3      | Found an opulent altar of Gozag.
  1470 | D:3      | Identified the +8 dagger of Instinct {drain, rElec Dex+5}
  1494 | D:3      | Became a worshipper of Gozag Ym Sagoz the Greedy
  1529 | D:3      | Reached XP level 5. HP: 12/33 MP: 5/5
  1765 | D:3      | Found a hide-covered altar of Uskayaw.
  2291 | D:4      | Noticed a phantom
  2500 | D:4      | Found a glowing drain.
  2515 | Sewer    | Entered a sewer
  2573 | Sewer    | Reached XP level 6. HP: 39/39 MP: 6/6
  3425 | D:4      | Reached XP level 7. HP: 28/46 MP: 7/7
  3428 | D:4      | Slain by a gnoll

Illustrated notes

Levels and vault maps discovered:
D:1:      shiori_shiawase, layout_basic, minmay_pentomino_z2
D:2:      layout_loops_ring, basic_altar, grunt_ministairs_10,
          kennysheep_minor_cross, feat_on_display, uniq_crazy_yiuf_cottage
D:3:      layout_basic, mainiacjoe_overflow_boulevard,
          nicolae_gozag_seed_capital, minmay_misc_feat_room
D:4:      layout_layer_cave, portal_sewer_entry_e, kennysheep_generic_room_10

Skill      XL: |  1  2  3  4  5  6 |
---------------+-------------------+-----
Stealth        | 1 2 3 4 |  4.0
Unarmed Combat | 4 |  4.9
Fighting       | 2 3 |  3.5
Shapeshifting  | 4 |  4.3
Dodging        | |  2.0

Action                     |  1- 3 |  4- 6 |  7- 9 || total
---------------------------+-------+-------+-------++-------
  Melee: Unarmed           |    64 |    20 |       ||    84
         Tentacles         |    13 |    11 |     3 ||    27
         Constrict         |    18 |    17 |     2 ||    37
         Dagger            |       |    70 |     3 ||    73
         Punch             |       |     2 |     1 ||     3
    Use: Scroll            |       |     3 |     1 ||     4
   Stab: Sleeping          |    10 |    21 |       ||    31
 Armour: Skin              |    19 |    47 |     4 ||    70
  Dodge: Dodged            |    21 |    47 |     3 ||    71
   Form: Beast             |       |     1 |       ||     1

Table legend: (Time is in decaauts)
 A = Elapsed time spent in this place.
 B = Non-inter-level travel time spent in this place.
 C = Inter-level travel time spent in this place.
 D = Time resting spent in this place.
 E = Time spent auto-exploring this place.
 F = Levels seen in this place.
 G = Mean time per level.
                   A        B        C        D        E       F      G
               +--------+--------+--------+--------+--------+-----+--------+
         Total |   3422 |   3353 |     69 |    443 |   1996 |   5 |  684.4 |
       Dungeon |   2650 |   2581 |     69 |    210 |   1644 |   4 |  662.5 |
         Sewer |    771 |    771 |      0 |    233 |    352 |   1 |  771.0 |
               +--------+--------+--------+--------+--------+-----+--------+

Top non-repeatable levels by time:
     D:2: 988 daAuts
   Sewer: 771 daAuts
     D:3: 678 daAuts
     D:1: 603 daAuts
     D:4: 380 daAuts
